 Dungeon Crawl Stone Soup version 0.29-a0-757-g358383bc75 (webtiles) character file.

Game seed: 4222812207135734010

30 YayAnonymity the Cudgeller (level 3, -7/35 HPs)
             Began as a Troll Gladiator on June 30, 2022.
             Mangled by an orc
             ... wielding a +0 war axe
              (9 damage)
             ... on level 2 of the Dungeon.
             The game lasted 00:01:52 (1276 turns).

YayAnonymity the Cudgeller (Troll Gladiator)        Turns: 1276, Time: 00:01:53

Health: -7/35      AC:  4    Str: 22    XL:     3   Next: 5%
Magic:  11/11      EV: 10    Int:  4    God:
Gold:   81         SH:  0    Dex: 13    Spells: 2/2 levels left

rFire   . . .      SeeInvis .   (no weapon)
rCold   . . .      Faith    .   (no shield)
rNeg    . . .      Spirit   .   b - +0 robe
rPois   .          Reflect  .   c - +0 hat
rElec   .          Harm     .   (no cloak)
rCorr   .          Rampage  .   (gloves unavailable)
Will    .....                   (boots unavailable)
Stlth   +.........              (no amulet)
HPRegen 0.91/turn               j - ring of magical power
MPRegen 0.12/turn               (no ring)

@: no status effects
A: large, unfitting armour, claws 3, regeneration 1, shaggy fur 1, tough skin 1
a: no special abilities


You were on level 2 of the Dungeon.
You visited 1 branch of the dungeon, and saw 3 of its levels.

You collected 81 gold pieces.

Inventory:

Hand Weapons
 a - a +0 flail
Missiles
 d - 2 throwing nets (quivered)
 e - 5 large rocks
 q - 4 atropa-tipped darts
Armour
 b - a +0 robe (worn)
 c - a +0 hat (worn)
Jewellery
 j - a ring of magical power (left claw)
Wands
 r - a wand of iceblast (10)
Scrolls
 f - 2 scrolls of teleportation {unknown}
 h - a scroll of summoning {unknown}
 k - 3 scrolls of identify {unknown}
 o - a scroll of amnesia {unknown}
 p - a scroll of fog {unknown}
 s - a scroll of enchant armour {unknown}
Potions
 g - a potion of haste {unknown}
 i - a potion of lignification {unknown}
 l - a potion of heal wounds {unknown}
 m - 3 potions of degeneration {unknown}
 n - a potion of curing {unknown}


   Skills:
 + Level 1.9 Fighting
 * Level 3.2 Maces & Flails
 - Level 2.0 Throwing
 + Level 2.6 Dodging


You had 2 spell levels left.
You didn't know any spells.
Your spell library contained the following spells:

 Spells                   Type           Power      Damage    Failure   Level
 Sting                    Tmut/Pois      0%         1d3       50%         1
 Summon Small Mammal      Summ           0%         N/A       50%         1
 Poisonous Vapours        Pois/Air       0%         N/A       65%         2
 Call Canine Familiar     Summ           0%         N/A       86%         3
 Ozocubu's Armour         Ice            0%         N/A       86%         3
 Summon Guardian Golem    Hex/Summ       0%         N/A       86%         3
 Olgreb's Toxic Radiance  Pois           0%         N/A       99%         4
 Ozocubu's Refrigeration  Ice            0%         4d5       100%        7


Dungeon Overview and Level Annotations

Branches:
Dungeon (3/15)

Altars:

Annotations:
D:3 Grinder


Innate Abilities, Weirdness & Mutations

You are too large for most types of armour.
You have claws for hands.
Your natural rate of healing is unusually fast.
You are covered in fur. (AC +1)
You have tough skin. (AC +1)


Message History

The orc hits you with a +0 war axe!
The orc hits you with a +0 war axe of flaming.
The orc burns you.
* * * LOW HITPOINT WARNING * * *
You climb upwards.
There is a stone staircase leading down, spattered with blood here.
Press: ? - help, v - describe, . - travel, g - get item
Here: an orc, wielding a +0 war axe of flaming
Items here: a +0 short sword; an orc corpse.
The floor, spattered with blood.
Unknown command.
Throw: 3 throwing nets
Press: ? - help, Q - select action, (/) - cycle Shift-Dir - straight line, f - orc
Aim: an orc, wielding a +0 war axe of flaming (57% to hit)
You throw a throwing net. The throwing net hits the orc.
The orc is caught in the net!
The orc struggles against the net.
The orc barely misses you.
You scratch the orc but do no damage.
The orc struggles against the net.
The orc misses you.
You scratch the orc but do no damage.
The orc struggles against the net.
The orc barely misses you.
You barely miss the orc.
The orc struggles against the net.
The orc closely misses you.
You strike the helpless orc from behind!
You scratch the orc.
The orc is lightly wounded.
The orc struggles against the net.
The orc closely misses you.
You scratch the orc but do no damage.
The orc is lightly wounded.
The orc struggles against the net.
The net rips apart, and the orc comes free!
The orc hits you with a +0 war axe.
You scratch the orc.
The orc is almost dead.
The orc hits you with a +0 war axe of flaming!
* * * LOW HITPOINT WARNING * * *
The orc burns you.
* * * LOW HITPOINT WARNING * * *
The orc hits you with a +0 war axe!
You die...

### ### #.# ..#
###########.# ..#
#.........#.# ..#
#.........#.# ..#
#....<....#.# ..#
#.........#o# ..#
#.........#@#
..####.........#o##########
......#...................#
..#.#.###.####.############
..#.#.###.####.##.#
..#............##.#
..#.#.###.####.##.#
###.......####.##.####### #
#.........##..........#


You could see 2 orcs.

Vanquished Creatures
  An orc (D:2)
  2 ball pythons
  An endoplasm (D:1)
  2 giant cockroaches
  2 goblins (D:2)
  3 hobgoblins
  4 jackals (D:1)
  4 kobolds
  3 bats
  4 rats
26 creatures vanquished.

Notes
Turn   | Place    | Note
-------+----------+-------------------------------------------
     0 | D:1      | YayAnonymity the Troll Gladiator began the quest for the
                  | Orb.
     0 | D:1      | Reached XP level 1. HP: 19/19 MP: 0/0
    89 | D:1      | Reached XP level 2. HP: 28/28 MP: 1/1
   150 | D:1      | Reached skill level 3 in Maces & Flails
  1251 | D:3      | Noticed Grinder
  1256 | D:2      | Reached XP level 3. HP: 32/35 MP: 2/2
  1276 | D:2      | Mangled by an orc

Illustrated notes

Levels and vault maps discovered:
D:1:      nzn_arrival_water_spiral, layout_rooms, minmay_unequal
D:2:      layout_basic, minmay_door_square, grunt_decor_one_mirror
D:3:      layout_rooms, hellmonk_ghost_happy_afterlife, dk_noncrumbling_4,
          uniq_grinder, uniq_terence, uniq_natasha

Skill      XL: |  1  2 |
---------------+-------+-----
Maces & Flails | 3 |  3.2
Throwing       | 2 |  2.0
Fighting       | |  1.9
Dodging        | |  2.6

Action                   || total
-------------------------++-------
Melee: Unarmed           ||    77
Throw: Throwing net      ||     1
 Stab: Sleeping          ||     1
       Held in net/web   ||     1
Armor: Robe              ||    30
Dodge: Dodged            ||    53

Table legend: (Time is in decaauts)
 A = Elapsed time spent in this place.
 B = Non-inter-level travel time spent in this place.
 C = Inter-level travel time spent in this place.
 D = Time resting spent in this place.
 E = Time spent auto-exploring this place.
 F = Levels seen in this place.
 G = Mean time per level.
                   A        B        C        D        E       F      G
               +--------+--------+--------+--------+--------+-----+--------+
         Total |   1275 |   1269 |      6 |      0 |   1041 |   3 |  425.0 |
       Dungeon |   1275 |   1269 |      6 |      0 |   1041 |   3 |  425.0 |
               +--------+--------+--------+--------+--------+-----+--------+

Top non-repeatable levels by time:
     D:2: 706 daAuts
     D:1: 559 daAuts
     D:3: 9 daAuts
